 Dungeon Crawl Stone Soup version 0.31-a0-232-gb1c03b2570 (webtiles) character file.

Game seed: 5245015485324544774

1167 qw the Skirmisher (level 8, 0/49 HPs)
             Began as a Gargoyle Hexslinger on July 7, 2023.
             Slain by an orc
             ... wielding a +0 hand axe
              (4 damage)
             ... on level 6 of the Dungeon.
             The game lasted 00:01:58 (4073 turns).

qw the Skirmisher (Gargoyle Hexslinger)             Turns: 4073, Time: 00:01:59

Health: 0/49       AC: 14    Str: 11    XL:     8   Next: 40%
Magic:  9/9        EV: 12    Int: 15    God:
Gold:   178        SH:  5    Dex: 14    Spells: 8/9 levels left

rFire   + + .        n - +0 shortbow
rCold   + . .        (shield currently unavailable)
rNeg    + + .        f - +5 leather armour of a volcano {Drain rF++ rN+}
rPois   inf          (no helmet)
rElec   +            (no cloak)
rCorr   .            (no gloves)
SInv    .            d - +0 pair of boots
Will    .....        h - amulet of reflection
Stlth   +            i - ring of protection from cold
HPRegen 0.28/turn    (no ring)
MPRegen 0.11/turn

%: reflection
@: no status effects
A: sickness immunity, AC +5, negative energy resistance 1, electricity
resistance, torment resistance 1, petrification resistance
a: no special abilities


You were on level 6 of the Dungeon.
You visited 1 branch of the dungeon, and saw 6 of its levels.

You collected 296 gold pieces.
You spent 118 gold pieces at shops.


Innate Abilities, Weirdness & Mutations

You are immune to sickness and miasma.
Your stone body is resilient. (AC +5)
You are immune to poison.
You resist negative energy. (rN+)
You are resistant to electric shocks. (rElec)
You are resistant to unholy torment.
You are immune to petrification.


   Skills:
 - Level 5.0 Fighting
 + Level 8.4 Ranged Weapons
 - Level 1.0 Armour
 - Level 2.4 Dodging
 - Level 1.0 Spellcasting
 - Level 2.6 Hexes


You had 8 spell levels left.
You knew the following spells:

 Your Spells              Type           Power      Damage    Failure   Level
a - Slow                  Hex            32%        N/A       11%         1

Your spell library contained the following spells:

 Spells                   Type           Power      Damage    Failure   Level
 Inner Flame              Hex/Fire       4%         N/A       50%         3
 Portal Projectile        Hex/Tloc       8%         N/A       50%         3
 Cause Fear               Hex            4%         N/A       71%         4

Inventory:

Hand Weapons
 n - a +0 shortbow (weapon)
Armour
 d - a +0 pair of boots (worn)
 f - the +5 leather armour of a volcano (worn) {Drain rF++ rN+}
   (You found it on level 3 of the Dungeon)

   rF:        It greatly protects you from fire.
   rN:        It protects you from negative energy.
   Drain:     It drains your maximum health when unequipped.
Jewellery
 h - an amulet of reflection (around neck)
 i - a ring of protection from cold (left hand)
Scrolls
 a - a scroll of identify
 m - a scroll of vulnerability {unknown}
Potions
 b - 2 potions of haste
 c - 3 potions of cancellation
 e - a potion of resistance {unknown}
 g - a potion of might {unknown}
 j - 2 potions of curing
 k - a potion of lignification {unknown}
 l - 2 potions of heal wounds {unknown}

Dungeon Overview and Level Annotations

Branches:
Dungeon (6/15)
 Temple: D:4-7

Altars:
Zin

Shops:
D:2 !   D:3 !


Message History

The black bear barely misses you. x2; Something hits you but does no damage.
The bullfrog hits you but does no damage.
You shoot an arrow. The arrow hits the bullfrog.
You kill the bullfrog!
The orc misses you. The black bear bites you.
The black bear closely misses you.
The black bear claws you but does no damage.
Something hits you but does no damage.
Your Dodging skill increases to level 2!
You shoot an arrow. The arrow hits the black bear.
The black bear is moderately wounded.
The orc hits you but does no damage. You block the black bear's attack.
The black bear claws you. You block the black bear's attack.
Something hits you but does no damage.
You shoot an arrow. The arrow hits the black bear.
The black bear is moderately wounded.
You block the orc's attack.
The black bear bites you but does no damage.
The black bear claws you but does no damage.
The black bear closely misses you. Something hits you.
You shoot an arrow. The arrow barely misses the black bear.
The black bear bites you but does no damage.
The black bear barely misses you. The black bear completely misses you.
You block the orc's attack. Something hits you but does no damage.
You shoot an arrow. The arrow hits the black bear.
The black bear is moderately wounded.
The orc hits you but does no damage. The black bear barely misses you. x2
The black bear misses you.
You hear some strange, mumbled words.
A magic dart appears from out of thin air!
The magic dart hits you but does no damage.
You shoot an arrow. The arrow hits the black bear.
The black bear is heavily wounded.
You block the black bear's attack.
The black bear claws you but does no damage.
The black bear completely misses you. The orc barely misses you.
Something hits you.
You shoot an arrow. The arrow hits the black bear.
The black bear is heavily wounded.
The orc hits you with a +0 hand axe.
You die...

#.. #)# .....# #.#
#....# #.# #)...# #.#
#....# #.# #....# #.#
#....# ###'###ho..####
#.....%@{......
#.#####..............
#.....#..............
#####.#..............
####..^)................
.##..#.#..#######.......
.......#..# .......
.......#..# #######
.#...#.#.<#


You could see a black bear and an orc.

Vanquished Creatures
  Eustachio (D:6)
  2 ice beasts
  A sky beast (D:6)
  A centaur (D:6)
  A phantom (D:5)
  A bullfrog (D:6)
  2 scorpions
  A howler monkey (D:6)
  3 hounds
  A jelly (D:5)
  4 iguanas
  Jessica (D:2)
  An orc wizard (D:6)
  2 adders (D:3)
  A worm (D:4)
  3 dart slugs
  10 orcs
  A ball python (D:4)
  7 bats
  2 endoplasms (D:4)
  A giant cockroach (D:3)
  6 goblins
  3 hobgoblins
  4 jackals (D:5)
  4 quokkas
  2 frilled lizards (D:3)
  4 kobolds
  3 rats
73 creatures vanquished.

Notes
Turn   | Place    | Note
-------+----------+-------------------------------------------
     0 | D:1      | qw the Gargoyle Hexslinger began the quest for the Orb.
     0 | D:1      | Reached XP level 1. HP: 12/12 MP: 2/2
     0 | D:1      | 0 ||| qw: Version: 0.3-a-46-gb1f654a
     0 | D:1      | 0 ||| qw: Game counter: 2330
     0 | D:1      | 0 ||| qw: Melee chars always use a shield: true
     0 | D:1      | 0 ||| qw: God list: Okawaru
     0 | D:1      | 0 ||| qw: Allow faded altars: false
     0 | D:1      | 0 ||| qw: Do Orc after clearing Dungeon:15 true
     0 | D:1      | 0 ||| qw: Do second Lair branch before Depths: true
     0 | D:1      | 0 ||| qw: Lair rune preference: random
     0 | D:1      | 0 ||| qw: Goals: Normal
     0 | D:1      | 0 ||| PLANNING D:1-11
   157 | D:1      | 157 ||| Stepping ~*~*~tactically~*~*~ (water).
   220 | D:1      | Reached XP level 2. HP: 16/16 MP: 3/3
   294 | D:1      | HP: 4/16 [quokka (3)]
   396 | D:1      | Reached skill level 3 in Ranged Weapons
   754 | D:1      | 754 ||| UPGRADING to +0 ring mail.
   764 | D:1      | 764 ||| DROPPING +0 robe.
   765 | D:1      | 765 ||| UPGRADING to amulet of reflection.
   770 | D:1      | 770 ||| DROPPING amulet of regeneration.
   771 | D:1      | 771 ||| READING 4 scrolls labelled IKKIKL DASA.
   772 | D:1      | 772 ||| READING 2 scrolls labelled SUSTIP QEWKEGUME.
   773 | D:1      | 773 ||| READING scroll labelled QOSAUCO MIDI.
   774 | D:1      | 774 ||| DROPPING 3 scrolls of fear.
   775 | D:1      | 775 ||| DROPPING scroll of poison.
   776 | D:1      | 776 ||| DROPPING scroll of revelation.
   832 | D:2      | Found a glowing silver altar of Zin.
   924 | D:2      | Noticed Jessica
   931 | D:2      | Killed Jessica
   932 | D:2      | Reached XP level 3. HP: 22/22 MP: 4/4
   987 | D:2      | Found a faded altar of an unknown god.
  1082 | D:2      | Found Afynukk's Distillery.
  1085 | D:2      | 1085 ||| BUYING potion of cancellation (88 gold).
  1085 | D:2      | Bought a potion of cancellation for 88 gold pieces
  1085 | D:2      | 1085 ||| SHOPLISTING potion of curing (33 gold, have 12).
  1085 | D:2      | 1085 ||| SHOPLISTING potion of haste (110 gold, have 12).
  1085 | D:2      | 1085 ||| SHOPLISTING potion of mutation (88 gold, have 12).
  1234 | D:2      | 1234 ||| READING 2 scrolls labelled DALIJI KEAM.
  1458 | D:3      | Reached XP level 4. HP: 25/27 MP: 5/5
  1478 | D:3      | Identified the +5 leather armour of a volcano {Drain rF++
                  | rN+}
  1609 | D:3      | Found Misel's Distillery.
  1616 | D:3      | 1616 ||| BUYING potion of curing (30 gold).
  1616 | D:3      | Bought a potion of curing for 30 gold pieces
  1616 | D:3      | 1616 ||| SHOPLISTING potion of enlightenment (50 gold, have
                  | 1).
  1616 | D:3      | 1616 ||| SHOPLISTING potion of mutation (80 gold, have 1).
  1616 | D:3      | 1616 ||| SHOPLISTING potion of resistance (100 gold, have
                  | 1).
  2079 | D:3      | 2079 ||| UPGRADING to +5 leather armour of a volcano {Drain
                  | rF++ rN+}.
  2089 | D:3      | 2089 ||| DROPPING +0 ring mail.
  2090 | D:3      | 2090 ||| UPGRADING to ring of protection from cold.
  2091 | D:3      | 2091 ||| READING scroll labelled SOEPIM RUNTUKK.
  2092 | D:3      | 2092 ||| READING 2 scrolls of identify.
  2092 | D:3      | 2092 ||| IDENTIFYING dark potion
  2102 | D:4      | Noticed an ice beast
  2105 | D:4      | 2105 ||| STAIRDANCE
  2131 | D:4      | 2131 ||| STAIRDANCE
  2148 | D:3      | Killed an ice beast
  2149 | D:3      | Reached skill level 5 in Ranged Weapons
  2149 | D:3      | Reached XP level 5. HP: 19/31 MP: 6/6
  2231 | D:4      | Reached skill level 3 in Fighting
  2308 | D:4      | Reached XP level 6. HP: 36/37 MP: 7/7
  2592 | D:4      | 2592 ||| READING scroll labelled QUNIMIUG ROZANYFA.
  2614 | D:5      | Entered Level 5 of the Dungeon
  2754 | D:5      | Reached skill level 6 in Ranged Weapons
  2924 | D:5      | Reached XP level 7. HP: 42/43 MP: 8/8
  2969 | D:5      | HP: 10/43 [phantom (2)]
  2976 | D:5      | HP: 7/43 [iguana (5)]
  2981 | D:5      | HP: 4/43 [phantom (3)]
  3239 | D:5      | Identified the +0 ring mail of Juntuyme {Stlth+}
  3392 | D:5      | Reached skill level 7 in Ranged Weapons
  3597 | D:5      | 3597 ||| UPGRADING to +0 pair of boots.
  3602 | D:5      | 3602 ||| DROPPING +0 ring mail of Juntuyme {Stlth+}.
  3603 | D:5      | 3603 ||| READING scroll labelled HIAX TEASED.
  3607 | D:5      | 3607 ||| READING scroll labelled EHYNUCS COSCH.
  3707 | D:6      | Reached skill level 1 in Armour
  3805 | D:6      | Noticed Eustachio
  3806 | D:6      | 3806 ||| FLEEEEING.
  3807 | D:6      | 3807 ||| FLEEEEING.
  3808 | D:6      | 3808 ||| FLEEEEING.
  3809 | D:6      | 3809 ||| FLEEEEING.
  3810 | D:6      | 3810 ||| FLEEEEING.
  3811 | D:6      | 3811 ||| FLEEEEING.
  3812 | D:6      | 3812 ||| FLEEEEING.
  3813 | D:6      | 3813 ||| FLEEEEING.
  3922 | D:6      | Killed Eustachio
  3923 | D:6      | Reached skill level 8 in Ranged Weapons
  3923 | D:6      | Reached XP level 8. HP: 25/48 MP: 9/9
  4024 | D:6      | 4024 ||| SWAPPING to +0 shortbow.
  4025 | D:6      | 4025 ||| DROPPING +1 sling.
  4067 | D:6      | HP: 10/49 [black bear (3)]
  4069 | D:6      | HP: 4/49 [something (3)]
  4073 | D:6      | Slain by an orc

Levels and vault maps discovered:
D:1:      roderic_dead_forest, layout_loops_cross, serial_bayou_lagoon_a
D:2:      layout_rooms, basic_altar, dreamdust_ecumenical_altar_statues,
          serial_shops, nicolae_shop_real_fake_doors, uniq_jessica
D:3:      layout_loops_corners, serial_shops, nicolae_shop_rolling_square
D:4:      layout_rooms
D:5:      layout_basic, nrook_mini_backslash, minmay_misc_feat_chi
D:6:      layout_basic, gammafunk_temple_overflow_claw, kennysheep_little_box,
          nicolae_qazlal_beasts_of_the_sky, temple_hall, uniq_eustachio

Skill      XL: |  1  2  3  4  5  6  7  8 |
---------------+-------------------------+-----
Ranged Weapons | 3 5 6 8 |  8.4
Fighting       | 2 3 4 5 |  5.0
Armour         | 1 |  1.0
Dodging        | 2 |  2.4
Spellcasting   | |  1.0
Hexes          | |  2.6

Action                     |  1- 3 |  4- 6 |  7- 9 || total
---------------------------+-------+-------+-------++-------
   Fire: Sling             |    82 |   198 |   231 ||   511
         Shortbow          |       |       |    36 ||    36
    Use: Scroll            |     4 |     3 |     2 ||     9
 Armour: Robe              |    13 |       |       ||    13
         Ring mail         |     6 |     8 |       ||    14
         Leather armour    |       |    90 |   176 ||   266
  Dodge: Dodged            |    26 |    89 |   207 ||   322
  Block: Other             |     2 |    48 |    75 ||   125
         Reflection        |       |       |     5 ||     5

Table legend:
 A = Non-vault XP
 B = Vault XP
 C = Vault XP percentage of total XP
 D = Non-vault monster count
 E = Vault monster count
 F = Vault count percentage of total count
                 A         B        C        D         E       F
            +---------+---------+-------+---------+---------+-------
      Total |    1285 |     383 |  23.0 |      70 |       3 |   4.1
            +---------+---------+-------+---------+---------+-------
        D:1 |      22 |       0 |   0.0 |      11 |       0 |   0.0
        D:2 |       7 |      37 |  84.1 |       4 |       1 |  20.0
        D:3 |     191 |       0 |   0.0 |      20 |       0 |   0.0
        D:4 |     138 |       0 |   0.0 |       9 |       0 |   0.0
        D:5 |     506 |       0 |   0.0 |      17 |       0 |   0.0
        D:6 |     421 |     346 |  45.1 |       9 |       2 |  18.2
            +---------+---------+-------+---------+---------+-------
